 Dungeon Crawl Stone Soup version 0.24-a0-335-g06ca16a (webtiles) character file.

Game seed: 16057662522445853154

432 Borgoz the Chopper (level 7, 0/42 HPs)
             Began as a Gargoyle Gladiator on May 19, 2019.
             Was a Follower of Ashenzari.
             Slain by a howler monkey (5 damage)
             ... on level 4 of the Dungeon.
             The game lasted 00:03:29 (2937 turns).

Borgoz the Chopper (Gargoyle Gladiator)             Turns: 2937, Time: 00:03:30

Health: 0/42       AC:  9    Str: 18    XL:     7   Next: 0%
Magic:  7/7        EV: 13    Int:  8    God:    Ashenzari [*.....]
Gold:   162        SH:  0    Dex: 13    Spells: 6/6 levels left

rFire    . . .     SeeInvis .   a - +0 war axe
rCold    . . .     Gourm    .   (no shield)
rNeg     + . .     Faith    .   b - +0 leather armour
rPois    ∞         Spirit   .   c - +0 helmet
rElec    +         Reflect  .   (no cloak)
rCorr    .         Harm     .   (no gloves)
MR       .....                  (no boots)
Stlth    +.........             (no amulet)
HPRegen  0.14/turn              (no ring)
MPRegen  0.10/turn              (no ring)

@: no status effects
A: negative energy resistance 1, electricity resistance, unbreathing,
petrification resistance, rot immunity, AC +4
a: Curse Item, Scrying, Renounce Religion


You were on level 4 of the Dungeon.
You worshipped Ashenzari.
Ashenzari was aware of your devotion.
You were not hungry.

You visited 1 branch of the dungeon, and saw 4 of its levels.

You collected 162 gold pieces.

Inventory:

Hand Weapons
 a - a +0 war axe (weapon)
Missiles
 d - 4 throwing nets (quivered)
Armour
 b - a +0 leather armour (worn)
 c - a +0 helmet (worn)
Jewellery
 i - an uncursed ring of ice
Wands
 p - a wand of acid (8)
Scrolls
 e - 3 scrolls of identify {unknown}
 g - a scroll of fear {unknown}
 h - 3 scrolls of teleportation {unknown}
 k - a scroll of enchant weapon {unknown}
 l - a scroll of remove curse
 o - a scroll of enchant armour {unknown}
Potions
 j - a potion of haste {unknown}
 m - a potion of lignification {unknown}
Comestibles
 f - 6 rations
 q - 6 chunks of flesh


   Skills:
 + Level 3.7 Fighting
 * Level 4.5 Axes
 - Level 1.9 Throwing
 + Level 2.7 Armour
 * Level 4.0 Dodging


You had 6 spell levels left.
You didn't know any spells.
Your spell library contained the following spells:

 Spells                   Type           Power        Failure   Level  Hunger
 Beastly Appendage        Tmut           #.....       45%         1    ##.....
 Sticks to Snakes         Tmut           #.......     61%         2    ###....
 Spider Form              Tmut/Pois      #.........   83%         3    ####...
 Ice Form                 Ice/Tmut       #.......     99%         4    #####..
 Blade Hands              Tmut           #.........   100%        5    ######.


Dungeon Overview and Level Annotations

Branches:
Dungeon (4/15)
 Temple: D:4-7

Altars:
Ashenzari
Okawaru
Sif Muna
Wu Jian
Yredelemnul


Innate Abilities, Weirdness & Mutations

You are resistant to torment.
Your stone body is resilient. (AC +4)
You are immune to poison.
You resist negative energy. (rN+)
You are resistant to electric shocks. (rElec)
You can survive without breathing.
You are immune to petrification.
You are immune to rotting.


Message History

You barely miss the hound.
The hound is severely wounded.
You hit the howler monkey.
The howler monkey hoots and howls with incredible vigour!
The hound bites you.
* * * LOW HITPOINT WARNING * * *
The howler monkey hits you but does no damage.
The hound misses you.
You barely miss the hound.
The hound is severely wounded.
You hit the howler monkey. The hound bites you.
* * * LOW HITPOINT WARNING * * *
The howler monkey hits you.
* * * LOW HITPOINT WARNING * * *
You feel better. The hound bites you.
* * * LOW HITPOINT WARNING * * *
The howler monkey hits you.
* * * LOW HITPOINT WARNING * * *
The hound closely misses you. The howler monkey hits you.
You die...

######.##......#
...#....##.)....#
#..#..####......#
#..#..# #......#
#..#..# #......#
##.##.## #......#
#..#.†# ....>..#
#hh#..# #.@#..#
#.....# #######


You could see a howler monkey and a hound.

Vanquished Creatures
  A phantom (D:2)
  An ogre (D:4)
  A hound (D:4)
  A centaur skeleton (D:4)
  An orc wizard (D:3)
  Robin (D:2)
  7 adders
  A worm (D:4)
  3 dart slugs (D:2)
  3 leopard geckos
  7 orcs (D:3)
  9 bats
  A giant cockroach (D:3)
  12 goblins
  12 hobgoblins
  8 jackals
  7 kobolds
  2 quokkas
  6 frilled lizards
  8 rats
  A spectral orc (D:3)
93 creatures vanquished.

Notes
Turn   | Place    | Note
-------+----------+-------------------------------------------
     0 | D:1      | Borgoz the Gargoyle Gladiator began the quest for the Orb.
     0 | D:1      | Reached XP level 1. HP: 12/12 MP: 1/1
    94 | D:1      | Reached XP level 2. HP: 18/18 MP: 2/2
   213 | D:1      | Found a shattered altar of Ashenzari.
   228 | D:1      | Became a worshipper of Ashenzari the Shackled
   257 | D:1      | Reached XP level 3. HP: 16/22 MP: 3/3
  1021 | D:2      | Found an iron altar of Okawaru.
  1257 | D:2      | Reached skill level 1 in Armour
  1257 | D:2      | Reached XP level 4. HP: 20/27 MP: 4/4
  1438 | D:2      | Noticed Robin
  1469 | D:2      | Killed Robin
  1684 | D:2      | Found a deep blue altar of Sif Muna.
  1732 | D:2      | Found an ornate altar of the Wu Jian Council.
  1767 | D:2      | Noticed a phantom
  1785 | D:2      | Killed a phantom
  1785 | D:2      | Reached XP level 5. HP: 32/32 MP: 5/5
  2247 | D:3      | Found a basalt altar of Yredelemnul.
  2364 | D:3      | Reached XP level 6. HP: 21/37 MP: 6/6
  2666 | D:3      | Reached * piety under Ashenzari
  2927 | D:4      | Reached XP level 7. HP: 9/42 MP: 7/7
  2937 | D:4      | Slain by a howler monkey

Levels and vault maps discovered:
D:1:      dpeg_arrival_lava_altar, layout_loops_ring, minmay_misc_feat_tiny,
          ashenzari_altar_1
D:2:      layout_basic, lemuel_blue_sif_altar, lemuel_doored_altar,
          okawaru_trees_1, uniq_robin
D:3:      layout_loops_cross, yredelemnul_forgotten_temple_becter,
          hangedman_decor_push, kennysheep_generic_room_14
D:4:      minmay_angry_zag, layout_basic, nicolae_ru_path_of_blood,
          temple_statues, first_ration, small_statue_alley_b

Skill      XL: |  1  2  3  4  5  6 |
---------------+-------------------+-----
Axes           | 3 4 |  4.5
Armour         | 1 2 |  2.7
Dodging        | 3 4 |  4.0
Fighting       | 3 |  3.7
Throwing       | |  1.9

Action                   |  1- 3 |  4- 6 |  7- 9 || total
-------------------------+-------+-------+-------++-------
Melee: War axe           |   116 |   153 |     8 ||   277
Throw: Throwing net      |       |     1 |       ||     1
  Use: Potion            |       |     1 |     2 ||     3
  Eat: Chunk             |     1 |     6 |       ||     7
Armor: Leather armour    |    78 |    80 |     8 ||   166
Dodge: Dodged            |    84 |   141 |    15 ||   240

Table legend:
 A = Non-vault XP
 B = Vault XP
 C = Vault XP percentage of total XP
 D = Non-vault monster count
 E = Vault monster count
 F = Vault count percentage of total count
                 A         B        C        D         E       F
            +---------+---------+-------+---------+---------+-------
      Total |     425 |     193 |  31.2 |      77 |      16 |  17.2
            +---------+---------+-------+---------+---------+-------
        D:1 |      46 |       0 |   0.0 |      29 |       0 |   0.0
        D:2 |     177 |      38 |  17.7 |      14 |      12 |  46.2
        D:3 |     134 |       3 |   2.2 |      28 |       2 |   6.7
        D:4 |      68 |     152 |  69.1 |       6 |       2 |  25.0
            +---------+---------+-------+---------+---------+-------
